 Dungeon Crawl Stone Soup version 0.22-a0-197-g4ac3794 (webtiles) character file.

592 sunny1234 the Ruffian (level 7, -5/68 HPs)
             Began as a Troll Berserker on Feb 18, 2018.
             Was a Priest of Trog.
             Killed by divine providence
             ... invoked by an orc priest
              (13 damage)
             ... on level 4 of the Dungeon.
             The game lasted 00:06:41 (2302 turns).

sunny1234 the Ruffian (Troll Berserker)             Turns: 2302, Time: 00:06:42

Health: -5/68      AC:  5    Str: 26    XL:     7   Next: 16%
Magic:  6/6        EV: 11    Int:  3    God:    Trog [***...]
Gold:   211        SH:  0    Dex: 11    Spells: 6/6 levels left

rFire    + . .     SeeInvis .     - Unarmed
rCold    . . .     Gourm    +   (no shield)
rNeg     . . .     Faith    .   a - +0 animal skin
rPois    .         Spirit   .   (helmet restricted)
rElec    .         Reflect  .   (no cloak)
rCorr    .         Harm     .   (gloves unavailable)
MR       .....                  (boots unavailable)
Stlth    +.........             (no amulet)
HPRegen  0.61/turn              d - ring of protection from fire
MPRegen  0.10/turn              (no ring)

@: lethally poisoned (-5 -> -5), berserk cooldown, slowed, very slow
A: large, unfitting armour, claws 3, fast metabolism 3, gourmand, regeneration
1, shaggy fur 1, tough skin 2
a: Berserk, Trog's Hand, Burn Spellbooks, Renounce Religion


You were on level 4 of the Dungeon.
You worshipped Trog.
Trog was most pleased with you.
You were very full.

You visited 1 branch of the dungeon, and saw 4 of its levels.

You collected 211 gold pieces.

Inventory:

Missiles
 m - 72 stones (quivered)
Armour
 a - a +0 animal skin (worn)
 r - a +0 large shield
Jewellery
 d - a ring of protection from fire (left claw)
Scrolls
 e - 2 scrolls of teleportation {unknown}
 g - 2 scrolls of amnesia {unknown}
 h - a scroll of magic mapping {unknown}
 k - 2 scrolls of immolation {unknown}
 o - a scroll of blinking {unknown}
 p - 2 scrolls of identify {unknown}
 q - a scroll of remove curse {unknown}
Potions
 c - a potion of invisibility {unknown}
 f - 2 potions of flight {unknown}
 i - a potion of curing {unknown}
 l - a potion of berserk rage {unknown}
 n - a potion of lignification {unknown}
 s - a potion of resistance {unknown}
Comestibles
 b - 6 rations
 j - 4 chunks of flesh


   Skills:
 + Level 3.9 Fighting
 + Level 2.7 Throwing
 + Level 4.0 Dodging
 + Level 1.7 Shields
 + Level 4.7 Unarmed Combat


You had 6 spell levels left.
You didn't know any spells.

Dungeon Overview and Level Annotations

Branches:
Dungeon (4/15)
 Temple: D:4-7

Altars:
Gozag
Sif Muna
Trog
Uskayaw
The Shining One


Innate Abilities, Weirdness & Mutations

You are too large for most types of armour.
You have claws for hands.
Your metabolism is lightning-fast.
You like to eat raw meat.
Your natural rate of healing is unusually fast.
You are covered in fur. (AC +1)
You have very tough skin. (AC +2)


Message History

You feel sick.
The orc priest calls down the wrath of Beogh upon you.
Beogh smites you!
* * * LOW HITPOINT WARNING * * *
A red film seems to cover your vision as you go berserk!
You feel yourself moving faster!
You feel mighty!
You feel a lot less full.
Your skin stops crawling.
You feel less resistant to hostile enchantments.
You feel sick.
You feel a strong urge to attack something.
You feel sick.
You feel your anger nearly subside.
You are no longer berserk.
You are exhausted.
You feel yourself slow down.
You feel sick.
You feel sick.
You feel sick.
The orc priest mumbles some strange prayers to Beogh against you.
Beogh smites you!
You die...

#..# #...## ##### ##
##..## ###..## #
....o###### ##..#
...owo[).o## ##.#
....######.## #.#
##### ....# ##.# #.##
##...## .o..: #.##
##).# ##.###.# ......
#.o######...####.##
##. ....#..
##.o..@.........## #.
....##..
##.............# #.
....# #..
##...........## #.
....# ..#
##....####### #.
#...## #. .# ##..##
######. ..####...##
##...... .........[#
##...####
#........########..###


You could see 2 orc priests.

Vanquished Creatures
  An ogre (D:4)
  A crimson imp (D:4)
  2 orc priests
  6 orc wizards
  An iguana (D:4)
  4 worker ants
  An adder (D:2)
  An adder skeleton (D:4)
  3 worms
  A leopard gecko (D:3)
  21 orcs
  4 giant cockroaches
  14 goblins
  8 hobgoblins
  3 jackals
  2 quokkas
  A ball python (D:2)
  3 bats
  4 frilled lizards
  A jackal skeleton (D:4)
  3 kobolds
  5 rats
90 creatures vanquished.

Notes
Turn   | Place    | Note
-------+----------+-------------------------------------------
     0 | D:1      | sunny1234 the Troll Berserker began the quest for the Orb.
     0 | D:1      | Reached XP level 1. HP: 22/22 MP: 0/0
   711 | D:2      | Reached XP level 2. HP: 29/29 MP: 1/1
   838 | D:2      | Found a hide-covered altar of Uskayaw.
   965 | D:2      | Reached XP level 3. HP: 27/36 MP: 2/2
  1119 | D:2      | Reached ** piety under Trog
  1212 | D:3      | Found an opulent altar of Gozag.
  1212 | D:3      | Found a glowing golden altar of the Shining One.
  1240 | D:3      | Found a deep blue altar of Sif Muna.
  1240 | D:3      | Found a bloodstained altar of Trog.
  1403 | D:3      | Reached XP level 4. HP: 42/45 MP: 3/3
  1530 | D:3      | Reached skill level 1 in Throwing
  1647 | D:3      | Reached XP level 5. HP: 34/53 MP: 4/4
  1954 | D:3      | Reached XP level 6. HP: 40/61 MP: 5/5
  1999 | D:4      | Reached skill level 1 in Shields
  2001 | D:4      | Reached *** piety under Trog
  2243 | D:4      | Reached XP level 7. HP: 56/68 MP: 6/6
  2302 | D:4      | Killed from afar by an orc priest

Vault maps used:
D:1:      dpeg_arrival_central
D:2:      lemuel_round_altar, first_ration
D:3:      chequers_temple_overflow_statue_of_worship

Skill      XL: |  1  2  3  4  5  6  7 |
---------------+----------------------+-----
Fighting       | 3 |  3.9
Dodging        | 3 4 |  4.0
Throwing       | 1 2 |  2.7
Unarmed Combat | 4 |  4.7
Shields        | 1 |  1.7

Action                   |  1- 3 |  4- 6 |  7- 9 || total
-------------------------+-------+-------+-------++-------
Melee: Unarmed           |   114 |   124 |    37 ||   275
       Punch             |     2 |     3 |     1 ||     6
Invok: Berserk           |     2 |       |     1 ||     3
       Trog's Hand       |       |       |     1 ||     1
  Eat: Chunk             |    20 |     8 |       ||    28
Armor: Animal skin       |    49 |    45 |     5 ||    99
Dodge: Dodged            |    57 |    38 |    14 ||   109

Table legend:
 A = Spawn XP
 B = Non-spawn XP
 C = Spawn XP percentage of total XP
 D = Spawn monster count
 E = Non-spawn monster count
 F = Spawn count percentage of total count
 G = Total turns spent on level
                    A         B        C        D         E        F      G
               +---------+---------+-------+---------+---------+-------+---------
         Total |       0 |     846 |   0.0 |       0 |      90 |   0.0 |  2302
               +---------+---------+-------+---------+---------+-------+---------
           D:1 |       0 |       9 |   0.0 |       0 |       5 |   0.0 |   704
           D:2 |       0 |      57 |   0.0 |       0 |      25 |   0.0 |   504
           D:3 |       0 |     255 |   0.0 |       0 |      32 |   0.0 |   647
           D:4 |       0 |     525 |   0.0 |       0 |      28 |   0.0 |   447
               +---------+---------+-------+---------+---------+-------+---------
